 Dungeon Crawl Stone Soup version 0.16.1-11-g651b585 (webtiles) character file.

1999 jacksonaction the Ducker (level 9, -1/94 HPs)
             Began as an Octopode Berserker on Apr 2, 2015.
             Was an Elder of Trog.
             Killed from afar by Ijyb (13 damage)
             ... with a wand of draining
             ... on level 6 of the Dungeon.
             The game lasted 00:34:40 (5057 turns).

jacksonaction the Ducker (Octopode Berserker)       Turns: 5057, Time: 00:34:40

Health: -1/94      AC:  4    Str: 22    XL:     9   Next: 21%
Magic:  9/9        EV:  9    Int: 10    God:    Trog [****..]
Gold:   326        SH: 12    Dex: 13    Spells: 0 memorised, 8 levels left

rFire  . . .     SeeInvis .     C - +0 trident
rCold  + . .     Clarity  .     g - +0 large shield {AC+3}
rNeg   . . .     SustAb   .     (helmet restricted)
rPois  .         Gourm    .     y - amulet of resist corrosion
rElec  .         Spirit   .     h - ring of protection from cold
rCorr  +         Warding  .     (no ring)
rMut   .         Stasis   .     (no ring)
MR     .....                    (no ring)
Stlth  ..........               (no ring)
                                (no ring)
                                (no ring)
                                (no ring)

@: berserking, heavily drained, very quick, not resistant to hostile
enchantments, extremely unstealthy
A: almost no armour, amphibious, 8 rings, constrict 8, camouflage 1, gelatinous
body 1
a: Burn Spellbooks, Berserk, Trog's Hand, Brothers in Arms, Renounce Religion


You were on level 6 of the Dungeon.
You worshipped Trog.
Trog was greatly pleased with you.
You were hungry.

You visited 1 branch of the dungeon, and saw 6 of its levels.
You also visited: Sewer.

You collected 326 gold pieces.

Inventory:

Hand weapons
 C - a +0 trident (weapon)
 D - a +0 blowgun
Missiles
 v - 7 poisoned needles
 z - 6 tomahawks (quivered)
Armour
 g - a +0 large shield of protection (worn)
Jewellery
 e - an uncursed amulet of resist mutation
 h - a ring of protection from cold (left tentacle)
 y - an amulet of resist corrosion (around mantle)
Magical devices
 m - a wand of slowing (24)
 A - a wand of flame (34)
Scrolls
 b - 3 scrolls of recharging
 d - 8 scrolls of identify
 f - 3 scrolls of immolation {unknown}
 i - 4 scrolls of remove curse
 l - 3 scrolls of enchant armour {unknown}
 n - a scroll of enchant weapon {unknown}
 s - 2 scrolls of noise {unknown}
 t - a scroll of magic mapping {unknown}
 u - a scroll of amnesia {unknown}
 B - a scroll of blinking {unknown}
Potions
 j - 5 potions of curing {unknown}
 k - a potion of might {unknown}
 o - a potion of brilliance {unknown}
 p - 4 potions of mutation {unknown}
 q - a potion of restore abilities {unknown}
 w - 2 potions of haste {unknown}
 x - a potion of poison {unknown}
Comestibles
 a - a meat ration
 c - 4 bread rations
 r - a beef jerky


   Skills:
 + Level 6.7(3.9) Fighting
 + Level 7.3(4.5) Polearms
 - Level 7.5(4.7) Dodging
 * Level 3.0(0.5) Shields


You had 8 spell levels left.
You didn't know any spells.

Dungeon Overview and Level Annotations

Branches:
Dungeon (6/15)             Temple (0/1) D:4

Altars:
Cheibriados
Fedhas
Makhleb
Ru
The Shining One

Annotations:
D:6 Ijyb


Innate Abilities, Weirdness & Mutations

You cannot wear most types of armour.
You are amphibious.
You can wear up to eight rings at the same time.
You can use your tentacles to constrict many enemies at once.
Your skin changes colour to match your surroundings (Stealth).
Your rubbery body absorbs attacks (AC +1).


Message History

Ijyb is heavily wounded.
You block the orc's attack.
Ijyb zaps a wand.
The bolt of negative energy hits you!
You feel drained.
* * * LOW HITPOINT WARNING * * *
You are too berserk!
You closely miss Ijyb. You grab Ijyb.
Ijyb is heavily wounded.
You constrict Ijyb. The orc barely misses you.
Your shield prevents you from hitting Ijyb.
Ijyb is heavily wounded.
You constrict Ijyb. You block Ijyb's attack.
You hit Ijyb but do no damage.
Ijyb is severely wounded.
You constrict Ijyb, but do no damage. The orc misses you.
You block Ijyb's attack.
You hit Ijyb. Your squeeze misses Ijyb.
Ijyb is almost dead.
You constrict Ijyb. You block the orc's attack. You block the rat's attack.
Ijyb zaps a wand.
The bolt of negative energy hits you!
You feel drained.
You die...

#># .####.# #.#
....#.#
#.#########.#.#
#.........#.#.#
#########.#.#.#
#.#.#.# #.#.#.#
#.#.#r###.#
#...@o....#
###>.g........
###########


You could see Ijyb, an orc and a rat.

Vanquished Creatures
  The ghost of Artificial the Skirmisher, an experienced OpFi (D:4)
  The ghost of Inchmeat the Stinger, an experienced DsVM (D:5)
  Prince Ribbit (D:6)
  Purgy (Sewer)
  A necrophage (D:6)
  3 ogres
  A centaur (D:5)
  A scorpion (D:3)
  3 crimson imps
  3 giant frog skeletons
  An orc priest (D:5)
  3 orc wizards
  3 worker ants
  A worker ant zombie (D:5)
  4 gnolls (D:5)
  A giant mite (D:1)
  6 adders
  A shadow imp (D:6)
  3 worms
  2 adder zombies (D:5)
  An ooze (D:5)
  8 orcs
  14 bats
  A bat skeleton (D:4)
  6 giant cockroaches
  13 hobgoblins
  5 jackals (D:5)
  2 quokkas
  3 giant geckos
  4 giant newts
  10 goblins
  12 kobolds
  16 rats
136 creatures vanquished.

Notes
Turn   | Place    | Note
--------------------------------------------------------------
     0 | D:1      | jacksonaction, the Octopode Berserker, began the quest for the Orb.
     0 | D:1      | Reached XP level 1. HP: 16/16 MP: 1/1
   252 | D:1      | Reached XP level 2. HP: 21/21 MP: 2/2
   709 | D:1      | Reached XP level 3. HP: 24/26 MP: 3/3
  1082 | D:2      | Found a snail-covered altar of Cheibriados.
  1089 | D:2      | Acquired Trog's second power
  1234 | D:2      | Found a sacrificial altar of Ru.
  1530 | D:3      | Reached XP level 4. HP: 24/32 MP: 4/4
  1566 | D:3      | Found a glowing golden altar of the Shining One.
  1672 | D:3      | Reached skill level 4 in Dodging
  1677 | D:3      | Found a glowing drain.
  1684 | Sewer    | Entered a sewer
  1710 | Sewer    | Noticed Purgy
  1730 | Sewer    | Killed Purgy
  1730 | Sewer    | Reached XP level 5. HP: 37/37 MP: 5/5
  1903 | D:3      | Noticed a scorpion
  1913 | D:3      | Killed a scorpion
  1913 | D:3      | Reached XP level 6. HP: 26/43 MP: 6/6
  2301 | D:3      | Reached skill level 5 in Dodging
  2908 | D:4      | Reached XP level 7. HP: 49/49 MP: 7/7
  3246 | D:4      | Noticed Artificial's ghost (experienced OpFi)
  3253 | D:4      | Reached skill level 5 in Polearms
  3260 | D:4      | Killed Artificial's ghost
  3260 | D:4      | Reached skill level 5 in Fighting
  3260 | D:4      | Reached skill level 6 in Dodging
  3260 | D:4      | Reached XP level 8. HP: 56/56 MP: 8/8
  3490 | D:4      | Found a burning altar of Makhleb.
  3643 | D:4      | Found a staircase to the Ecumenical Temple.
  3813 | D:5      | Entered Level 5 of the Dungeon
  3857 | D:5      | Reached skill level 7 in Dodging
  3892 | D:5      | Noticed Inchmeat's ghost (experienced DsVM)
  3906 | D:5      | Killed Inchmeat's ghost
  4164 | D:5      | Reached skill level 1 in Shields
  4327 | D:5      | Reached XP level 9. HP: 32/63 MP: 9/9
  4488 | D:5      | Found a blossoming altar of Fedhas.
  4554 | D:5      | Acquired Trog's third power
  4980 | D:6      | Noticed Prince Ribbit
  4999 | D:6      | Killed Prince Ribbit
  5043 | D:6      | Noticed Ijyb
  5057 | D:6      | Killed from afar by Ijyb

Action                   |  1- 3 |  4- 6 |  7- 9 || total
-------------------------+-------+-------+-------++-------
Melee: Spear             |    76 |   122 |    85 ||   283
       Trident           |       |       |    82 ||    82
 Fire: Blowgun           |       |       |     7 ||     7
Throw: Stone             |       |    15 |     4 ||    19
       Tomahawk          |       |     4 |    22 ||    26
Invok: Berserk           |     1 |     2 |     5 ||     8
       Trog's Hand       |       |     2 |     1 ||     3
Evoke: Wand              |       |     1 |       ||     1
  Use: Scroll            |       |       |     2 ||     2
 Stab: Sleeping          |     4 |     6 |     5 ||    15
  Eat: Chunk             |     3 |     6 |     5 ||    14
       Meat ration       |       |       |     1 ||     1
       Beef jerky        |       |       |     1 ||     1
